 Dungeon Sprint DCSS version 0.18-a0-1035-g72c9994 (webtiles) character file.

5 pipel the Firebug (level 1, 0/10 HPs)
             Began as a Deep Elf Fire Elementalist on Jan 9, 2016.
             Was an Initiate of Sif Muna.
             Slain by an adder (5 damage)
             ... in the Dungeon (Sprint VII: "The Pits").
             The game lasted 00:00:55 (70 turns).

pipel the Firebug (Deep Elf Fire Elementalist)        Turns: 70, Time: 00:00:55

Health: 0/10       AC:  2    Str:  5    XL:     1   Next: 66%
Magic:  4/6        EV: 13    Int: 19    God:    Sif Muna [......]
Gold:   0          SH:  0    Dex: 15    Spells: 1 memorised, 5 levels left

rFire  . . .     SeeInvis .     a - staff of energy
rCold  . . .     Gourm    .     o - +0 robe
rNeg   . . .     Faith    .     (no shield)
rPois  .         Spirit   .     (no helmet)
rElec  .         Dismiss  .     (no cloak)
rCorr  .         Reflect  .     (no gloves)
SustAt .         Harm     .     (no boots)
MR     .....     NoTele   +     (no amulet)
Stlth  ++........               (no ring)
                                (no ring)

@: very slightly contaminated, not resistant to hostile enchantments, unstealthy
A: no striking features
a: Renounce Religion


You were in the Dungeon.
You worshipped Sif Muna.
Sif Muna was noncommittal.
You were not hungry.

You visited 1 branch

Inventory:

Hand Weapons
 b - a +2 trident
Missiles
 n - 9 stones (quivered)
Armour
 o - a +0 robe (worn)
Magical Staves
 a - an uncursed staff of energy (weapon)
Scrolls
 i - a scroll of blinking
 p - 3 scrolls of remove curse
 q - 5 scrolls of amnesia
 r - a scroll of summoning
 s - 2 scrolls of vulnerability
Potions
 d - a potion of curing
 e - a potion of heal wounds
 f - a potion of haste
 g - 4 potions of magic
 h - 3 potions of berserk rage
 m - 2 potions of invisibility
Books
 t - a book of Flames

   Spells                             Type                      Level
   a - Flame Tongue                   Conjuration/Fire             1
   b - Throw Flame                    Conjuration/Fire             2
   c - Conjure Flame                  Conjuration/Fire             3
   d - Inner Flame                    Hexes/Fire                   3
   e - Sticky Flame                   Conjuration/Fire             4
   f - Fireball                       Conjuration/Fire             5
Comestibles
 c - 8 bread rations
 j - 2 chunks of flesh
 k - 40 fruits
 l - 7 meat rations


   Skills:
 - Level 2.9 Dodging
 - Level 3.2 Stealth
 + Level 3.2 Spellcasting
 + Level 1.2 Conjurations
 + Level 4.2 Fire Magic


You had 5 spell levels left.
You knew the following spells:

 Your Spells              Type           Power        Failure   Level  Hunger
a - Flame Tongue          Conj/Fire      ##...        6%          1    None


Dungeon Overview and Level Annotations

Branches:
Dungeon (1/1)

Altars:
Ashenzari
Cheibriados
Dithmenos
Elyvilon
Fedhas
Kikubaaqudgha
Makhleb
Nemelex Xobeh
Okawaru
Pakellas
Ru
Sif Muna
Trog
Vehumet
Xom
Yredelemnul
Zin
The Shining One
Beogh
Jiyva
Lugonu


Message History

Casting: Flame Tongue
Confirm with . or Enter, or press ? or * to list all spells.
Aiming: Flame Tongue
Press: ? - help, Shift-Dir - straight line, f - adder
Aim: an adder You miscast Flame Tongue.
You are very lightly contaminated with residual magic.
Nothing appears to happen.
The adder bites you.
Ouch! That really hurt!
You take 5 damage, and have 5/10 hp.
MASSIVE DAMAGE!!
You now have 4/6 mp.
Casting: Flame Tongue
Confirm with . or Enter, or press ? or * to list all spells.
Aiming: Flame Tongue
Press: ? - help, Shift-Dir - straight line, f/p - adder
Aim: an adder The flame tongue hits the adder.
The adder is lightly wounded.
The adder bites you but does no damage. The adder bites you.
Ouch! That really hurt!
You die...

#__________# #__________#
#_#####'##############++
#)).'.'..##...........
#)))#.#..##......#..#
#######'#####..........
#...........รท...........
#+#####'#####......#..#.
#.. #@# #...........
#..(#S# ####'#####+
#..S'.# #.......# ##+####
#.......# #.......#
#...<...# #.......#
#.......# #.......#


You could see an adder.

Vanquished Creatures
  A giant gecko (D)
  A bat zombie (D)
  A goblin (D)
  A giant newt (D)
4 creatures vanquished.

Vanquished Creatures (others)
  A lich (D)
1 creature vanquished.

Grand Total: 5 creatures vanquished

Notes
Turn   | Place    | Note
--------------------------------------------------------------
     0 | D        | pipel the Deep Elf Fire Elementalist began the quest for the Orb.
     0 | D        | Reached XP level 1. HP: 10/10 MP: 6/6
    12 | D        | Killed a lich
    40 | D        | Found a sacrificial altar of Ru.
    40 | D        | Found a basalt altar of Yredelemnul.
    40 | D        | Found a glowing golden altar of the Shining One.
    40 | D        | Found a deep blue altar of Sif Muna.
    40 | D        | Found a burning altar of Makhleb.
    40 | D        | Found an ancient bone altar of Kikubaaqudgha.
    40 | D        | Found a glowing silver altar of Zin.
    41 | D        | Found a shadowy altar of Dithmenos.
    41 | D        | Found a bloodstained altar of Trog.
    41 | D        | Found a shattered altar of Ashenzari.
    41 | D        | Found a white marble altar of Elyvilon.
    41 | D        | Found a snail-covered altar of Cheibriados.
    41 | D        | Found a blossoming altar of Fedhas.
    41 | D        | Found a radiant altar of Vehumet.
    41 | D        | Found a shimmering altar of Xom.
    41 | D        | Found a sparkling altar of Nemelex Xobeh.
    41 | D        | Found a corrupted altar of Lugonu.
    41 | D        | Found a viscous altar of Jiyva.
    41 | D        | Found a roughly hewn altar of Beogh.
    41 | D        | Found an iron altar of Okawaru.
    42 | D        | Found an oddly glowing altar of Pakellas.
    44 | D        | Became a worshipper of Sif Muna the Loreminder
    58 | D        | Reached skill level 4 in Fire Magic
    70 | D        | Slain by an adder

Vault maps used:
D:        pitsprint

Action                   || total
-------------------------++-------
Throw: Stone             ||     1
 Cast: Flame Tongue      ||    10
Evoke: Staff of energy   ||     2
